 Dungeon Crawl Stone Soup version 0.17.2-1-ge4368a0 (webtiles) character file.

104810 Goblin1989 the Bewitcher (level 15, 73/73 HPs)
             Began as a Spriggan Enchanter on Sept 28, 2016.
             Was an Initiate of Gozag.
             Quit the game on level 3 of the Spider Nest.
             The game lasted 05:05:59 (34245 turns).

Goblin1989 the Bewitcher (Spriggan Enchanter)      Turns: 34245, Time: 05:06:00

Health: 73/73      AC:  5    Str:  8    XL:     15   Next: 92%
Magic:  32/34      EV: 30    Int: 27    God:    Gozag
Gold:   1255       SH:  0    Dex: 17    Spells: 12 memorised, 6 levels left

rFire  . . .     SeeInvis +     a - +1 dagger (venom)
rCold  . . .     Clarity  .     I - +1 robe of the Vaults {Regen+ Str+4 Int+4}
rNeg   . . .     SustAt   .     (shield restricted)
rPois  +         Gourm    .     (helmet restricted)
rElec  .         Spirit   .     p - +1 cloak
rCorr  .         Warding  .     (gloves unavailable)
rMut   +         Stasis   .     (boots unavailable)
MR     ++...                    j - amulet of resist mutation
Stlth  ++++++....               o - ring of poison resistance
                                O - ring of wizardry

@: very quick, very resistant to hostile enchantments, very stealthy
A: unfitting armour, see invisible, herbivore 3, speed 3, slow metabolism 2
a: Potion Petition, Call Merchant, Bribe Branch, Renounce Religion


You were on level 3 of the Spider Nest.
You worshipped Gozag.
Gozag was noncommittal.
You were not hungry.

You visited 4 branches of the dungeon, and saw 26 of its levels.
You also visited: Labyrinth, Sewer and Volcano.

You collected 10196 gold pieces.
You spent 3271 gold pieces at shops.
You paid 5670 gold pieces to Gozag.

Inventory:

Hand Weapons
 a - a +1 dagger of venom (weapon)
 b - a +6 greatsling of velocity
 q - the +1 blowgun "Seturixo" {speed, MR+, @w1}
   (You bought it in a shop on level 7 of the Lair of Beasts)

   Attacks with this weapon are significantly faster.
   It affects your resistance to hostile enchantments.
 w - the +11 morningstar "Qaithruj" {elec, rElec rPois Dex-5}
   (You found it on level 3 of the Lair of Beasts)

   Occasionally, upon striking a foe, it will discharge some electrical energy
   and cause terrible harm.
   It affects your dexterity (-5).
   It insulates you from electricity.
   It protects you from poison.
Missiles
 u - 589 stones (quivered)
 y - 159 sling bullets
 Z - 2 throwing nets
Armour
 p - a +1 cloak (worn)
 I - the +1 robe of the Vaults (worn) {Regen+ Str+4 Int+4}
   (You bought it in a shop on level 1 of the Lair of Beasts)

   It affects your strength (+4).
   It affects your intelligence (+4).
   It increases your rate of regeneration.
Jewellery
 c - an uncursed ring of protection from cold
 j - an amulet of resist mutation (around neck)
 o - a ring of poison resistance (right hand)
 s - an uncursed ring of positive energy
 M - an uncursed ring of sustain attributes
 O - a ring of wizardry (left hand)
Wands
 g - a wand of draining (11)
 v - a wand of draining (2)
 F - a wand of fire (0)
 G - a wand of cold (3)
 H - a wand of cold (5)
 L - a wand of lightning (10)
 Q - a wand of disintegration (12)
 S - a wand of fire (6)
 W - a wand of teleportation (5) {@v4}
Scrolls
 e - 14 scrolls of remove curse {@r2}
 f - 3 scrolls of enchant weapon
 n - 7 scrolls of enchant armour
 B - 4 scrolls of blinking
 E - 6 scrolls of fog
 K - a scroll of immolation {!r}
 P - 4 scrolls of fear
 R - a scroll of noise {!r}
 T - 11 scrolls of teleportation {@r4}
Potions
 h - 3 potions of brilliance
 i - a potion of beneficial mutation {unknown}
 k - 13 potions of curing {@q1}
 l - a potion of lignification {unknown}
 m - 4 potions of agility
 r - a potion of might {unknown}
 t - 2 potions of magic
 x - 5 potions of flight
 z - 4 potions of heal wounds {@q2}
 A - 2 potions of invisibility
 C - 3 potions of cancellation
 D - 2 potions of resistance
 J - 3 potions of haste {@q3}
 N - 2 potions of ambrosia {!q}
Books
 U - Dezah's Tome of the Forgotten Nights
   (You bought it in a shop on level 3 of the Orcish Mines)

   Spells                             Type                      Level
   a - Dazzling Spray                 Conjuration/Hexes            3
   b - Stone Arrow                    Conjuration/Earth            3
   c - Mass Confusion                 Hexes                        6
   d - Discord                        Hexes                        8
Miscellaneous
 V - a legendary deck of summoning
Comestibles
 d - 11 bread rations


   Skills:
 + Level 6.3 Fighting
 - Level 10.0 Short Blades
 - Level 9.7 Slings
 + Level 14.5 Dodging
 - Level 13.0 Stealth
 * Level 5.0 Unarmed Combat
 + Level 14.1 Spellcasting
 - Level 16.0 Hexes
 - Level 5.0 Translocations
 * Level 12.6 Transmutations
 - Level 1.0 Earth Magic


You had 6 spell levels left.
You knew the following spells:

 Your Spells              Type           Power        Failure   Level  Hunger
a - Corona                Hex            #######      0%          1    None
b - Stoneskin             Trmt/Erth      ######..     1%          2    None
c - Passwall              Trmt/Erth      ######....   1%          3    None
d - Cause Fear            Hex            #######...   1%          4    None
e - Dragon Form           Trmt           ######....   6%          7    ######.
h - Shroud of Golubria    Chrm/Tloc      ####......   1%          2    None
j - Portal Projectile     Tloc           #####.       1%          3    None
q - Dazzling Spray        Conj/Hex       ######..     1%          3    None
t - Tukima's Dance        Hex            #######.     0%          3    None
x - Confuse               Hex            #######.     0%          3    None
z - Ensorcelled Hibernat  Hex/Ice        ######       1%          2    None
R - Regeneration          Chrm/Necr      ###.......   4%          3    None


Dungeon Overview and Level Annotations

Branches:
Dungeon (10/15)            Temple (0/1) D:5            Lair (8/8) D:10
 Shoals (0/4) Lair:5       Spider (4/4) Lair:6        Slime (0/6) Lair:6
    Orc (4/4) D:9             Elf (0/3) Orc:3

Altars:
Ashenzari
Elyvilon
Fedhas
Gozag
Makhleb
Okawaru
Qazlal
Ru
Sif Muna
Trog
Vehumet
Xom
Zin
The Shining One
Beogh

Shops:
D:4 ([   D:5 %   Orc:1 ?   Orc:3 :   Orc:4 [%(([*   Lair:1 [   Lair:3 (
Lair:7 (   Spider:2 (

Annotations:
D:10 2 runed doors
Lair:8 exclusion: oklob plant
Spider:1 exclusion: 4 hogs, Kirke
Spider:4 exclusion: Arachne, Arachne; Goblin1989's ghost, adept HOGl


Innate Abilities, Weirdness & Mutations

You are tiny and cannot use many weapons and most armour.
You have supernaturally acute eyesight.
You are a herbivore.
You cover ground extremely quickly.
You need consume almost no food.


Message History

An orb spider comes into view. x2
The helpless demonic crawler fails to defend itself.
You spit the demonic crawler like a pig!!!!
You kill the demonic crawler!
Your Unarmed Combat skill increases to level 5!
The jumping spider is distracted by the nearby gold.
The orb spider is distracted by the nearby gold.
Goblin1989's ghost (adept Hill Orc Gladiator) comes into view.
It is wielding a weapon of freezing.
Marking area around Arachne as unsafe for travelling.
Arachne the Weaver comes into view.
She is wielding a staff of poison.
The jumping spider is no longer distracted by gold.
The jumping spider leaps!
Goblin1989's ghost turns its malevolent gaze towards you.
Goblin1989's ghost passes through a web.
The jumping spider leaps!
You see here a runed trident.
There is a stone staircase leading up here.
You climb upwards.
There is a stone staircase leading down here.
Are you sure you want to abandon this character and quit the game? (Confirm with "yes".)

ਜ≈≈≈≈≈.....ਜਜ.ਜ
ਜਜਜਜਜਜਜਜ≈≈.......ਜਜਜਜ
ਜ^.ਜ.ਜਜਜਜ...^^.....ਜ
ਜ.....ਜ.^..........ਜ
ਜਜ.^...............ਜ
ਜਜਜ.............^ਜਜ
ਜਜ.............ਜਜਜ
ਜਜ........ਜ...ਜ..ਜ
ਜਜ.........ਜਜ.@ਜਜਜਜ
ਜਜ.^.......ਜਜਜ...ਜ
ਜਜ....ਜ.....ਜਜਜ...ਜਜਜਜਜ
ਜ....ਜਜ....ਜਜ.ਜਜ.ਜਜਜ..ਜਜ
ਜਜ.^.ਜ....^ਜ<..ਜਜਜਜਜ^..ਜ
ਜਜਜਜ.ਜ....ਜ....ਜਜਜ....ਜਜ
ਜ...........ਜਜ......ਜਜ
ਜਜ...........ਜ........ਜਜਜ
ਜਜ....ਜਜਜ.....ਜਜ.........ਜਜਜਜ


There were no monsters in sight!

Vanquished Creatures
  Saint Roka (Orc:4)
  An orc warlord (Orc:2)
  2 emperor scorpions
  Nessos (Lair:5)
  A red draconian (Volcano)
  A minotaur (Lab)
  Snorg (Orc:1)
  4 hydras
  2 entropy weavers
  A catoblepas (Lair:6)
  A queen ant (Lair:1)
  4 death yaks (Lair:8)
  Urug (Orc:1)
  3 orc high priests (Orc:4)
  The ghost of Glorfindel the Carver, a novice HEGl of Ashenzari (Volcano)
  The ghost of Goblin1989 the Martial Artist, a novice DsFi of Gozag (D:7)
  4 orc knights (Orc:4)
  A lindwurm (Lair:8)
  16 wolf spiders
  3 orc sorcerers (Orc:4)
  8 orb spiders
  2 moths of wrath (Spider:3)
  2 griffons
  11 elephants
  2 sirens (Lair:5)
  4 black mambas
  16 spiny frogs
  A torpor snail (Lair:5)
  A gargoyle (D:10)
  14 demonic crawlers
  3 fire drakes
  4 komodo dragons
  3 polar bears (Lair:8)
  2 trolls
  2 merfolk
  27 jumping spiders
  2 boulder beetles
  24 blink frogs
  A minotaur skeleton (Lab)
  Sigmund (Lair:3)
  13 tarantellas
  49 redbacks
  8 humans (Lair:3)
  3 wyverns
  16 trapdoor spiders
  2 deep elf magi
  2 spriggans (Lair:8)
  A steam dragon (Lair:5)
  4 hungry ghosts (Lab)
  6 hippogriffs
  3 basilisks
  45 yaks
  A mottled dragon (Lair:5)
  9 water moccasins
  20 soldier ants (Lair:1)
  5 wargs
  8 wolves
  27 orc warriors
  A wasp (Lair:8)
  2 black bears
  5 porcupines
  3 sky beasts
  A swamp drake (Lair:5)
  22 spiders
  3 necrophages
  6 ogres
  16 crocodiles
  A phantom (D:7)
  2 centaurs
  7 big kobolds
  8 giant frogs
  The ghost of Goblin1989 the Ducker, an amateur SpGl (Sewer)
  A gnoll sergeant (D:8)
  A scorpion (D:5)
  9 killer bees
  3 quasits (D:9)
  A giant frog zombie (D:7)
  A wight (D:8)
  A vampire bat (D:4)
  A centaur zombie (D:9)
  6 crimson imps
  4 electric eels
  3 jellies
  31 orc priests
  Ijyb (Lair:3)
  31 orc wizards
  2 centaur skeletons
  3 hounds
  8 lava snakes
  10 iguanas
  A giant frog skeleton (D:5)
  21 worker ants
  27 sheep
  A hound zombie (D:8)
  2 hound skeletons
  18 adders
  45 river rats
  3 gnolls (D:8)
  4 shadow imps
  3 oozes
  An adder zombie (D:7)
  An adder skeleton (D:7)
  3 fire bats (D:4)
  6 worms
  3 giant geckos
  162 orcs
  A spectral bat (D:4)
  4 ball pythons
  3 bat skeletons (D:4)
  A bat zombie (D:4)
  11 goblins
  4 hobgoblins
  12 jackals
  22 kobolds
  8 quokkas
  A ball python skeleton (D:4)
  16 bats
  A bat simulacrum (D:4)
  4 giant cockroaches
  2 giant gecko skeletons (D:4)
  2 giant newts
  A quokka skeleton (D:8)
  6 rats
  A bush (Lair:8)
  2 fungi
1000 creatures vanquished.

Vanquished Creatures (collateral kills)
  A hill giant (D:10)
  A black mamba (Lair:4)
  A two-headed ogre (D:10)
  2 redbacks
  A spider (Spider:2)
  3 ogres
  2 wights (D:8)
  An orc priest (Orc:1)
  2 worker ants (Lair:1)
  An orc (Orc:4)
15 creatures vanquished.

Vanquished Creatures (others)
  3 yaks (Lair:8)
  A worker ant (Lair:1)
  5 orcs (Orc:4)
  A spectral bat (D:4)
  3 bushes (Lair:8)
  12 fungi
  19 plants
44 creatures vanquished.

Grand Total: 1059 creatures vanquished

Notes
Turn   | Place    | Note
--------------------------------------------------------------
     0 | D:1      | Goblin1989 the Spriggan Enchanter began the quest for the Orb.
     0 | D:1      | Reached XP level 1. HP: 9/9 MP: 5/5
   209 | D:1      | Reached XP level 2. HP: 13/13 MP: 4/6
   234 | D:1      | Learned a level 2 spell: Ensorcelled Hibernation
   387 | D:1      | Reached skill level 5 in Stealth
   906 | D:2      | Found an iron altar of Okawaru.
   917 | D:2      | Reached XP level 3. HP: 16/16 MP: 8/8
   982 | D:2      | Learned a level 3 spell: Confuse
  1199 | D:2      | Found a radiant altar of Vehumet.
  1199 | D:2      | Found a burning altar of Makhleb.
  1211 | D:2      | Found a blossoming altar of Fedhas.
  1211 | D:2      | Found a sacrificial altar of Ru.
  1837 | D:3      | Reached XP level 4. HP: 15/21 MP: 2/10
  2115 | D:3      | Found a stormy altar of Qazlal.
  2205 | D:3      | Noticed an orc warrior
  2553 | D:4      | Reached skill level 5 in Hexes
  2606 | D:4      | Found Hubul's Armour Boutique.
  2614 | D:4      | Found a glowing silver altar of Zin.
  2614 | D:4      | Found an opulent altar of Gozag.
  2631 | D:4      | Became a worshipper of Gozag Ym Sagoz the Greedy
  2679 | D:4      | Reached skill level 6 in Stealth
  2696 | D:4      | Reached XP level 5. HP: 20/24 MP: 5/11
  2842 | D:4      | Noticed a sky beast
  2897 | D:4      | Killed a sky beast
  3202 | D:4      | Found Ojoezocu's Weapon Shop.
  3252 | D:4      | Reached XP level 6. HP: 28/28 MP: 3/13
  3896 | D:4      | Reached skill level 7 in Stealth
  3896 | D:4      | Reached XP level 7. HP: 29/32 MP: 15/15
  4260 | D:4      | Reached skill level 5 in Spellcasting
  4355 | D:5      | Entered Level 5 of the Dungeon
  4387 | D:4      | Bought the +1 robe of Disguise {rN+ Str+3} for 255 gold pieces
  4532 | D:5      | Found a white marble altar of Elyvilon.
  4559 | D:5      | Found Gyplib's Food Boutique.
  4567 | D:5      | Bought a slice of pizza for 18 gold pieces
  4567 | D:5      | Bought a bread ration for 60 gold pieces
  4627 | D:5      | Found a deep blue altar of Sif Muna.
  4737 | D:5      | Found a staircase to the Ecumenical Temple.
  4743 | D:5      | Learned a level 3 spell: Tukima's Dance
  4747 | D:5      | Learned a level 3 spell: Dazzling Spray
  5004 | D:5      | Found a shimmering altar of Xom.
  5268 | D:6      | Reached skill level 5 in Dodging
  5311 | D:6      | Reached XP level 8. HP: 32/36 MP: 14/17
  5425 | D:6      | Reached skill level 8 in Stealth
  5501 | D:6      | Found a glowing drain.
  5516 | Sewer    | Entered a sewer
  5531 | Sewer    | Noticed Goblin1989's ghost (amateur SpGl)
  5545 | Sewer    | Killed Goblin1989's ghost
  6601 | D:6      | Noticed a deep elf mage
  6604 | D:6      | Killed a deep elf mage
  6604 | D:6      | Reached skill level 9 in Stealth
  6923 | D:7      | Reached skill level 1 in Slings
  6923 | D:7      | Reached XP level 9. HP: 39/39 MP: 20/20
  7145 | D:7      | Learned a level 2 spell: Stoneskin
  7149 | D:7      | Learned a level 3 spell: Passwall
  7175 | D:7      | Found a bloodstained altar of Trog.
  7415 | D:7      | Noticed Goblin1989's ghost (novice DsFi)
  7475 | D:7      | Killed Goblin1989's ghost
  7475 | D:7      | Reached skill level 10 in Stealth
  7475 | D:7      | Reached skill level 10 in Hexes
  8548 | D:8      | Found a shattered altar of Ashenzari.
  8567 | D:8      | Reached XP level 10. HP: 30/44 MP: 9/22
  8706 | D:8      | Reached skill level 1 in Transmutations
  8775 | D:8      | Reached skill level 11 in Hexes
  8830 | D:8      | Learned a level 4 spell: Cause Fear
  9263 | D:9      | Found a staircase to the Orcish Mines.
  9537 | D:9      | Reached skill level 5 in Slings
  9537 | D:9      | Reached skill level 1 in Earth Magic
 10326 | D:9      | Found a glowing golden altar of the Shining One.
 10389 | D:10     | Entered Level 10 of the Dungeon
 10553 | D:10     | Found a staircase to the Lair.
 10553 | D:10     | Noticed an elephant
 10554 | D:10     | Noticed a death yak
 10680 | D:10     | Reached skill level 12 in Hexes
 10906 | D:10     | Reached XP level 11. HP: 44/47 MP: 12/24
 11083 | D:10     | Killed an elephant
 11327 | D:10     | Found a large runed door.
 11327 | D:10     | Found a large runed door.
 11412 | D:10     | Noticed a hill giant
 11431 | D:10     | Killed a hill giant
 11660 | Lair:1   | Entered Level 1 of the Lair of Beasts
 11703 | Lair:1   | Reached skill level 13 in Hexes
 11732 | Lair:1   | Bought a creamy pearl robe for 199 gold pieces
 11732 | Lair:1   | Bought a shadowed robe for 199 gold pieces
 11742 | Lair:1   | Identified the cursed +0 robe "Docvubb" {rCorr Str+3 Int-4} (You bought it in a shop on level 1 of the Lair of Beasts)
 11753 | Lair:1   | Identified the +1 robe of the Vaults {Regen+ Str+4 Int+4} (You bought it in a shop on level 1 of the Lair of Beasts)
 11869 | Lair:1   | Identified the Reference Book on the Traveller and Cold (You found it on level 1 of the Lair of Beasts)
 11947 | Lair:1   | Found a dark tunnel.
 11956 | Volcano  | Entered a volcano
 12047 | Volcano  | Noticed Goblin1989's ghost (journeyman DsMo)
 12093 | Volcano  | Noticed Glorfindel's ghost (novice HEGl)
 12135 | Volcano  | Noticed a red draconian
 12138 | Volcano  | Killed a red draconian
 12143 | Volcano  | Killed Glorfindel's ghost
 12214 | Volcano  | Found a sacrificial altar of Ru.
 12442 | Lair:1   | Learned a level 3 spell: Portal Projectile
 12445 | Lair:1   | Learned a level 2 spell: Shroud of Golubria
 12453 | Lair:1   | Identified a cursed -2 rod of the swarm (14/14) (You found it on level 1 of the Lair of Beasts)
 12646 | Lair:1   | Reached skill level 10 in Dodging
 12646 | Lair:1   | Reached skill level 10 in Spellcasting
 12693 | Lair:1   | Noticed a queen ant
 12833 | Lair:1   | Killed a queen ant
 12833 | Lair:1   | Reached skill level 1 in Translocations
 13029 | Lair:1   | Reached XP level 12. HP: 43/51 MP: 13/27
 13099 | Lair:1   | Reached skill level 14 in Hexes
 13411 | Lair:1   | Reached skill level 5 in Short Blades
 15395 | Lair:3   | Noticed Sigmund
 15396 | Lair:3   | Noticed Ijyb
 15442 | Lair:3   | Killed Sigmund
 15446 | Lair:3   | Killed Ijyb
 15640 | Lair:3   | Got a steaming morningstar
 15826 | Lair:3   | Reached skill level 5 in Translocations
 16229 | Lair:3   | Identified the +11 morningstar "Qaithruj" {elec, rElec rPois Dex-5} (You found it on level 3 of the Lair of Beasts)
 16231 | Lair:3   | Bought a glowing greatsling for 375 gold pieces
 16383 | Lair:4   | Noticed a seven-headed hydra
 16547 | Lair:4   | Found a labyrinth entrance.
 16560 | Lab      | Entered a labyrinth
 16894 | Lab      | Reached skill level 15 in Hexes
 16941 | Lab      | Noticed a minotaur
 16972 | Lab      | Killed a minotaur
 17218 | Lair:4   | Reached XP level 13. HP: 55/55 MP: 9/29
 18569 | Lair:5   | Learned a level 3 spell: Regeneration
 18590 | Lair:5   | Found a staircase to the Shoals.
 18725 | Lair:5   | Noticed Nessos
 18746 | Lair:5   | Killed Nessos
 20122 | Lair:6   | Found a staircase to the Slime Pits.
 20795 | Lair:6   | Found a hole to the Spider Nest.
 21035 | Lair:5   | Reached skill level 1 in Fighting
 21311 | Lair:7   | ololoev: дэвы меня прокинули
 21312 | Lair:7   | Goblin1989: ну кто бы сомневался
 21312 | Lair:7   | ololoev: никто не отвечает как с личформой бороться
 21312 | Lair:7   | Goblin1989: ты про черепашек?
 21312 | Lair:7   | Goblin1989: аааа
 21312 | Lair:7   | Goblin1989: ответят наверное
 21312 | Lair:7   | Bought a steaming blowgun for 255 gold pieces
 21312 | Lair:7   | Identified the cursed +1 blowgun "Seturixo" {speed, MR+, @w1} (You bought it in a shop on level 7 of the Lair of Beasts)
 21314 | Lair:7   | Bought a slimy quarterstaff for 306 gold pieces
 21314 | Lair:7   | Identified the cursed +3 quarterstaff of Plunder {venom, +Rage Dex+3 SInv} (You bought it in a shop on level 7 of the Lair of Beasts)
 21325 | Lair:7   | Goblin1989: что-то моё вообрежение не посказывает мне как вообще играть спригганом-энчантером
 21325 | Lair:7   | Goblin1989: медленно и нудно получается пока что
 21405 | Lair:7   | Reached skill level 16 in Hexes
 21538 | Lair:7   | ololoev: вначале качаешь гексы, шорты, стелс и додж
 21538 | Lair:7   | ololoev: потом либо перекатываешься в таббера, либо в кастера
 21538 | Lair:7   | Goblin1989: ну значит я в кастера перекачаюсь
 21538 | Lair:7   | Goblin1989: ибо силы мало а инты завались
 21538 | Lair:7   | Goblin1989: но вот что качать
 21538 | Lair:7   | Goblin1989: земля, воздух, яд
 21538 | Lair:7   | ololoev: очевидный файершторм
 21538 | Lair:7   | Goblin1989: а чо
 21538 | Lair:7   | Goblin1989: у меня волт оф файер уже есть где-то
 21538 | Lair:7   | Goblin1989: но
 21538 | Lair:7   | Goblin1989: файер -2 не много?
 21538 | Lair:7   | ololoev: а вообще знаешь что
 21538 | Lair:7   | Goblin1989: конжура -3
 21538 | Lair:7   | ololoev: качай трансмут
 21538 | Lair:7   | ololoev: и анарм
 21538 | Lair:7   | ololoev: у тебя форма дракона есть
 21538 | Lair:7   | ololoev: будешь всех протабывать
 21538 | Lair:7   | ololoev: забивай на инту
 21538 | Lair:7   | Goblin1989: я же не успею перекачаться
 21538 | Lair:7   | epen: dobroe utro
 21538 | Lair:7   | Goblin1989: доброе
 21538 | Lair:7   | Goblin1989: значит в файер мэджик уходить будем
 21539 | Lair:7   | ololoev: yo
 21542 | Lair:7   | ololoev: а в фаер ты такой раз и перекачался я так понимаю
 21542 | Lair:7   | ololoev: ?
 21543 | Lair:7   | Goblin1989: ну
 21543 | Lair:7   | ololoev: для фаера тебе нужна хорошая кожура еще, не забывай
 21543 | Lair:7   | ololoev: плюс с голоду помрешь если будешь что-то серьезное кастовать
 21543 | Lair:7   | ololoev: и вообще
 21543 | Lair:7   | ololoev: нахера столько гексов?
 21543 | Lair:7   | ololoev: разве что на дискорд метишь
 21543 | Lair:7   | ololoev: качай тмуты, спелласт и файтинг с анармом
 21543 | Lair:7   | Goblin1989: а дракон какого уровня?
 21543 | Lair:7   | ololoev: хз, чот-то около 8го
 21543 | Lair:7   | Goblin1989: так вот
 21543 | Lair:7   | ololoev: ? / S dragon
 21543 | Lair:7   | Goblin1989: тоже голод будет
 21543 | Lair:7   | ololoev: лол нет
 21543 | Lair:7   | Goblin1989: ну ок
 21543 | Lair:7   | ololoev: ты же играл тмутерами
 21543 | Lair:7   | ololoev: кастанул форму и табаешь себе
 21543 | Lair:7   | Goblin1989: сперва шорты до 10 доведу уже
 21543 | Lair:7   | ololoev: это тебе не шторм по 5 раз на дню кидать
 21543 | Lair:7   | Goblin1989: пусть будет
 21543 | Lair:7   | Goblin1989: слинги как я понял не осбонужны будут
 21567 | Lair:7   | ololoev: слинги нинужно
 21571 | Lair:7   | ololoev: вообще слинги хороши если панк нашел
 21572 | Lair:7   | ololoev: хотя тебе пофиг, ыт же в транк не играешь
 21572 | Lair:7   | Goblin1989: ну ок
 21572 | Lair:7   | Goblin1989: вектор ясен
 21572 | Lair:7   | Goblin1989: я афк на часик где-то
 21572 | Lair:7   | ololoev: гоббер плохие новости
 21572 | Lair:7   | ololoev: дэвы ответили
 21572 | Lair:7   | ololoev: нельзя формы пребивать
 21572 | Lair:7   | Iwannabefree: посоны как триггерится удаление стен в некровизлабе?
 21572 | Lair:7   | Iwannabefree: там еще мобы каждый закрыт непрозрачными стенами
 21572 | Lair:7   | ololoev: рандомно по времени
 22083 | Lair:8   | Entered Level 8 of the Lair of Beasts
 22113 | Lair:8   | Reached skill level 5 in Transmutations
 22409 | Lair:8   | Reached skill level 10 in Short Blades
 22410 | Lair:8   | Iwannabefree: еще вопрос, как исключать отдельные слова из include += HDAForceMore.rc чтобы его не триггерило на безобидные вещи?
 22424 | Lair:8   | Goblin1989: да скопируй его себе в конфиг и удаляй ненужное
 22424 | Lair:8   | Goblin1989: ссылку на него дать?
 22424 | Lair:8   | Iwannabefree: да
 22424 | Lair:8   | Goblin1989: сек
 22424 | Lair:8   | Goblin1989: http://crawl.xtahua.com/crawl/rcfiles/crawl-git/HDAForceMore.rc
 22424 | Lair:8   | Goblin1989: http://crawl.xtahua.com/crawl/rcfiles/
 22424 | Lair:8   | Goblin1989: а здесь можно искать конфиги всех игроков кроула этого сервера
 22424 | Lair:8   | Iwannabefree: аригато
 22586 | Lair:8   | Learned a level 7 spell: Dragon Form
 22618 | Lair:8   | Reached XP level 14. HP: 63/63 MP: 19/31
 22717 | Lair:8   | Reached skill level 1 in Unarmed Combat
 23906 | Orc:1    | Entered Level 1 of the Orcish Mines
 23938 | Orc:1    | Found Ytayl's Magic Scroll Emporium.
 23940 | Orc:1    | Noticed Snorg
 24058 | Orc:1    | Killed Snorg
 24373 | Orc:1    | Bought a scroll of teleportation for 39 gold pieces
 24574 | Orc:1    | Noticed Urug
 24598 | Orc:1    | Killed Urug
 24779 | Orc:3    | Found a roughly hewn altar of Beogh.
 24806 | Orc:4    | Entered Level 4 of the Orcish Mines
 25031 | Orc:4    | Noticed Saint Roka
 25037 | Orc:3    | Found a staircase to the Elven Halls.
 25037 | Orc:3    | Found a bloodstained altar of Trog.
 25047 | Orc:3    | Found Neeruxt's Book Boutique.
 25114 | Orc:3    | Goblin1989: опана
 25114 | Orc:3    | Bought Dezah's Tome of the Forgotten Nights for 1295 gold pieces
 25122 | Orc:3    | Learned a level 6 spell: Mass Confusion
 25988 | Orc:2    | Noticed an orc warlord
 26034 | Orc:2    | Killed an orc warlord
 26602 | Orc:4    | Killed Saint Roka
 27776 | Orc:4    | Found Qitt's Antique Weapon Boutique.
 27776 | Orc:4    | Found Siashe's Antique Armour Shoppe.
 27780 | Orc:4    | Reached skill level 5 in Fighting
 27781 | Orc:4    | Found Legepali's Weapon Boutique.
 27781 | Orc:4    | Found Agefed Wuu's Food Shoppe.
 27802 | Orc:4    | Bought a bread ration for 50 gold pieces
 27802 | Orc:4    | Bought 3 fruits for 45 gold pieces
 27802 | Orc:4    | Bought a bread ration for 50 gold pieces
 27802 | Orc:4    | Bought a slice of pizza for 15 gold pieces
 27802 | Orc:4    | Bought a bread ration for 50 gold pieces
 27802 | Orc:4    | Bought 4 fruits for 60 gold pieces
 28293 | Spider:1 | Entered Level 1 of the Spider Nest
 28293 | Spider:1 | Noticed an emperor scorpion
 28309 | Spider:1 | Killed an emperor scorpion
 28591 | Lair:8   | Learned a level 7 spell: Dragon Form
 28886 | Spider:1 | Reached XP level 15. HP: 67/72 MP: 2/33
 29566 | Spider:1 | Reached skill level 10 in Transmutations
 29894 | Spider:1 | Noticed Kirke
 34008 | Spider:4 | Entered Level 4 of the Spider Nest
 34224 | Spider:4 | Reached skill level 5 in Unarmed Combat
 34228 | Spider:4 | Noticed Goblin1989's ghost (adept HOGl)
 34228 | Spider:4 | Noticed Arachne
 34245 | Spider:3 | Quit the game

Action                   |  1- 3 |  4- 6 |  7- 9 | 10-12 | 13-15 || total
-------------------------+-------+-------+-------+-------+-------++-------
Melee: Dagger            |    89 |   135 |   529 |   857 |  1785 ||  3395
 Fire: Hunting sling     |       |       |     8 |    83 |       ||    91
       Greatsling        |       |       |       |    27 |    60 ||    87
Throw: Stone             |       |       |       |     5 |    32 ||    37
 Cast: Corona            |     8 |       |       |       |       ||     8
       Ensorcelled Hiber |    15 |    12 |     3 |       |    10 ||    40
       Confuse           |     2 |    22 |    78 |   212 |   498 ||   812
       Tukima's Dance    |       |       |       |     5 |     2 ||     7
       Cause Fear        |       |       |       |     2 |     1 ||     3
       Portal Projectile |       |       |       |     3 |    11 ||    14
       Mass Confusion    |       |       |       |       |     4 ||     4
Invok: Call Merchant     |       |       |       |     2 |     4 ||     6
       Potion Petition   |       |       |       |     1 |       ||     1
Evoke: Wand              |       |       |       |     2 |     4 ||     6
  Use: Scroll            |       |       |    14 |    13 |    11 ||    38
       Potion            |       |       |       |     4 |     4 ||     8
 Stab: Sleeping          |    23 |    24 |    27 |    46 |    53 ||   173
       Confused          |     1 |     8 |    53 |   109 |   328 ||   499
       Distracted        |       |     1 |     2 |     3 |    12 ||    18
       Invisible         |       |       |       |       |    14 ||    14
  Eat: Bread ration      |       |     1 |     1 |     2 |     1 ||     5
       Pizza             |       |       |     1 |       |     1 ||     2
       Fruit             |       |       |       |       |    10 ||    10

Vault maps used:
D:1:      lightli_arrival_statue_moat
D:2:      gammafunk_temple_overflow_elements, gammafunk_temple_overflow_wave,
          okawaru_trees_1
D:3:      nicolae_overflow_hidden_temple, nicolae_ru_great_annihilating_truth
D:4:      grunt_temple_overflow_gold_and_silver, serial_shops, shop, shop,
          first_bread, goddamned_bats
D:5:      overflow_temple_1_default, lemuel_round_altar, elyvilon_altar_3,
          minmay_temple_entry_overgrown, serial_shops, shop
D:6:      portal_sewer_entry_d
D:7:      nicolae_overflow_crystal_walls, minmay_unpleasant_kobolds
D:8:      evilmike_ruin_ashenzari
D:9:      orc_0_dummy, hangedman_fish_farm, tso_altar
D:10:     david_lair_generic, nicolae_wwwww, lightli_elemental_guards
Lair:1:   nicolae_volcano_entry_two_sided, minivault_29,
          infiniplex_staircase_pool_2
Lair:3:   erik_1
Lair:4:   lab_entry_generic, hangedman_lair_unloving_vines, st_stairs_5
Lair:5:   elwin_shoals_entry_stream, grunt_forest_stairs_basic,
          guppyfry_lair_drakes, lemuel_fruit_fields, uniq_nessos
Lair:6:   spider_nest_entry_funnel_web, dpeg_slime_entry_corner
Lair:8:   minmay_lair_end_enchanted_forest, st_stairs_9
Spider:1: hangedman_spider_tarantella_strand, uniq_kirke
Spider:2: spider_trap, hangedman_spider_mandibles, guppyfry_spider_mini_3
Spider:4: grunt_spider_rune_circles, portal_ice_cave_entry_pillars_01,
          nicolae_orb_island, uniq_arachne
Orc:1:    serial_shops, shop_fountains, uniq_snorg, uniq_urug
Orc:3:    serial_shops, shop, basic_altar, nicolae_orc_pool_cavern, bloody_trog
Orc:4:    grunt_orc_tribal_feast, uniq_saint_roka
Lab:      labyrinth_green, nicolae_lab_dead_end, nicolae_lab_do_over, lab_block,
          lab_statue, nicolae_lab_swirl, labyrinth_lava_lair
Sewer:    sewer_co_tree
Volcano:  volcano_grotto
